 Dungeon Crawl Stone Soup version 0.31-a0-229-g1fc7ce93e2 (webtiles) character file.

Game seed: 2763871698213036621

4978 qw the Skirmisher (level 10, -2/88 HPs)
             Began as a Minotaur Hexslinger on July 6, 2023.
             Was a Priest of Okawaru.
             Slain by a troll (11 damage)
             ... on level 9 of the Dungeon.
             The game lasted 00:03:18 (6557 turns).

qw the Skirmisher (Minotaur Hexslinger)             Turns: 6557, Time: 00:03:18

Health: -2/88      AC: 12    Str: 16    XL:     10   Next: 29%
Magic:  12/12      EV: 14    Int: 10    God:    Okawaru [***...]
Gold:   459        SH:  5    Dex: 17    Spells: 10/11 levels left

rFire   . . .        q - +0 shortbow
rCold   . . .        (shield currently unavailable)
rNeg    . . .        k - +3 leather armour of Philately {+Blink rF- Regen+}
rPois   .            (helmet restricted)
rElec   .            r - +2 cloak
rCorr   .            n - +2 pair of gloves of the Apothecary {Rampage Will- Str+3 Slay+2}
SInv    .            (no boots)
Will    .....        d - amulet of reflection
Stlth   +            h - ring of protection from fire
HPRegen 1.14/turn    (no ring)
MPRegen 0.13/turn

%: reflection, rampage
@: about to teleport
A: horns 2, retaliatory headbutt
a: Renounce Religion, Evoke Blink, Heroism


You were on level 9 of the Dungeon.
You worshipped Okawaru.
Okawaru was most pleased with you.
You visited 1 branch of the dungeon, and saw 9 of its levels.
You also visited: Ossuary.

You collected 459 gold pieces.


Innate Abilities, Weirdness & Mutations

You have a pair of horns on your head.
You reflexively headbutt those who attack you in melee.


   Skills:
 - Level 8.2 Fighting
 + Level 12.8 Ranged Weapons
 - Level 3.5 Armour
 - Level 5.5 Dodging
 - Level 1.0 Spellcasting
 - Level 2.0 Hexes
 - Level 4.0 Invocations


You had 10 spell levels left.
You knew the following spells:

 Your Spells              Type           Power      Damage    Failure   Level
a - Slow                  Hex            16%        N/A       19%         1

Your spell library contained the following spells:

 Spells                   Type           Power      Damage    Failure   Level
 Inner Flame              Hex/Fire       2%         N/A       63%         3
 Portal Projectile        Hex/Tloc       4%         N/A       63%         3
 Cause Fear               Hex            2%         N/A       87%         4

Inventory:

Hand Weapons
 q - a +0 shortbow (weapon)
Armour
 k - the +3 leather armour of Philately (worn) {+Blink rF- Regen+}
   (You found it on level 3 of the Dungeon)

   rF:        It makes you vulnerable to fire.
   +Blink:    It lets you blink.
   Regen:     It increases your rate of health regeneration.
 l - a +2 robe of willpower
 m - a +1 ring mail of cold resistance
 n - the +2 pair of gloves of the Apothecary (worn) {Rampage Will- Str+3 Slay+2}
   (You found it on level 3 of the Dungeon)

   Str:       It affects your strength (+3).
   Slay:      It affects your accuracy & damage with ranged weapons and melee
   (+2).
   Rampage:   It bestows one free step when moving towards enemies.
   Will:      It decreases your willpower.
 r - a +2 cloak (worn)
Jewellery
 d - an amulet of reflection (around neck)
 h - a ring of protection from fire (left hand)
Wands
 o - a wand of digging (4)
Scrolls
 a - a scroll of identify
 g - 7 scrolls of teleportation
 s - a scroll of enchant armour
Potions
 b - 2 potions of resistance
 c - a potion of heal wounds
 e - 3 potions of enlightenment
 f - 2 potions of magic
 i - 2 potions of curing
 j - a potion of haste
 p - a potion of cancellation {unknown}

Dungeon Overview and Level Annotations

Branches:
Dungeon (9/15)             Temple (0/1) D:4         Ossuary (visited)
   Lair: D:8-11         Orc: D:9-12

Altars:
Cheibriados
Dithmenos
Gozag
Okawaru
Qazlal
Wu Jian
Yredelemnul
The Shining One

Shops:
D:6 :


Message History

The troll misses you. You block the troll's attack. The troll misses you. x2
The wolf barely misses you.
You shoot an arrow. The arrow closely misses the wolf.
The wolf bites you but does no damage. The troll closely misses you.
The troll completely misses you. The troll misses you.
You block the troll's attack. The troll closely misses you.
You block the troll's attack. The wolf barely misses you.
You shoot an arrow. The arrow hits the wolf.
The wolf is severely wounded.
The wolf closely misses you. You furiously retaliate!
You headbutt the wolf!
You kill the wolf!
Okawaru accepts your kill. You block the wolf's attack.
The troll closely misses you. You furiously retaliate!
You headbutt the troll. The troll claws you but does no damage.
The troll closely misses you. You block the troll's attack.
The troll barely misses you. The troll misses you. x2
You furiously retaliate!
You headbutt the troll! The troll barely misses you.
The troll claws you but does no damage.
You shoot an arrow. The arrow hits the troll!
The troll is moderately wounded.
The wolf closely misses you.
You shoot an arrow. The arrow hits the troll.
The troll is moderately wounded.
The troll closely misses you. You furiously retaliate!
You headbutt the troll. The troll claws you. The troll closely misses you.
The troll bites you! You block the troll's attack. The troll barely misses you.
You block the troll's attack. The troll claws you but does no damage.
The troll closely misses you.
6557 ||| READING 8 scrolls of teleportation.
As you read the scroll of teleportation, it crumbles to dust.
You feel strangely unstable.
You feel like a meek peon again. You block the wolf's attack.
You block the hound's attack. The troll bites you but does no damage.
The troll claws you. x2
The troll barely misses you. You block the troll's attack.
The troll claws you but does no damage. The troll closely misses you.
You furiously retaliate!
You headbutt the troll, but do no damage.
The troll claws you!
You die...

## )..... ...... #....
#..#....# #.. ..>##. #.
##.#..... .. .....###
.#.......##.# #.##.....
..........#.###.........
..............#.#####...
.................##.#..#
......hh..............##
.....hT@##.....#........
.~....TT##....######....
~......###....#.#.#..###
~...... #.............##
.................#(.....
.....###........##......
~..## #........#######..
~.. ..........# #..
........<..# ##


You could see 3 trolls, a wolf and 2 hounds.

Vanquished Creatures
  A hornet (D:8)
  2 wyverns (D:7)
  A wraith (D:8)
  4 yaks
  Grum (D:8)
  Menkaure (D:6)
  3 water moccasins
  2 ice beasts
  A sky beast (D:7)
  2 black bears
  2 ogres (D:6)
  6 wolves
  A centaur (D:9)
  2 elf zombies (Ossuary)
  2 kobold brigands
  5 bullfrogs
  A gnoll sergeant (D:6)
  3 scorpions
  3 killer bees (D:7)
  5 howler monkeys
  A hound (D:9)
  2 orc priests
  A gnoll bouda (D:7)
  2 iguanas
  A sleepcap (D:5)
  Jessica (D:3)
  4 orc wizards
  2 hound zombies (Ossuary)
  4 mummies (Ossuary)
  14 gnolls
  9 adders
  A shadow imp (D:5)
  3 white imps
  2 ufetubi
  An adder zombie (Ossuary)
  A worm (D:2)
  3 dart slugs
  37 orcs
  5 ball pythons
  8 endoplasms
  4 giant cockroaches
  10 goblins
  6 hobgoblins
  10 jackals
  3 quokkas
  7 bats
  2 frilled lizards
  A goblin zombie (Ossuary)
  12 kobolds
  4 orc zombies (Ossuary)
  5 rats
  2 rat zombies (Ossuary)
216 creatures vanquished.

Notes
Turn   | Place    | Note
-------+----------+-------------------------------------------
     0 | D:1      | qw the Minotaur Hexslinger began the quest for the Orb.
     0 | D:1      | Reached XP level 1. HP: 16/16 MP: 1/1
     0 | D:1      | 0 ||| qw: Version: 0.3-a-46-gb1f654a
     0 | D:1      | 0 ||| qw: Game counter: 1559
     0 | D:1      | 0 ||| qw: Melee chars always use a shield: true
     0 | D:1      | 0 ||| qw: God list: Okawaru
     0 | D:1      | 0 ||| qw: Allow faded altars: false
     0 | D:1      | 0 ||| qw: Do Orc after clearing Dungeon:15 true
     0 | D:1      | 0 ||| qw: Do second Lair branch before Depths: true
     0 | D:1      | 0 ||| qw: Lair rune preference: random
     0 | D:1      | 0 ||| qw: Goals: Normal
     0 | D:1      | 0 ||| PLANNING D:1-11
    48 | D:1      | 48 ||| FLEEEEING.
    49 | D:1      | 49 ||| FLEEEEING.
    50 | D:1      | 50 ||| FLEEEEING.
    52 | D:1      | 52 ||| FLEEEEING.
    53 | D:1      | 53 ||| FLEEEEING.
    54 | D:1      | 54 ||| FLEEEEING.
    55 | D:1      | 55 ||| FLEEEEING.
   100 | D:1      | Reached skill level 3 in Ranged Weapons
   100 | D:1      | Reached XP level 2. HP: 19/23 MP: 2/2
   362 | D:1      | Reached XP level 3. HP: 29/29 MP: 3/3
   516 | D:1      | 516 ||| UPGRADING to +0 ring mail.
   526 | D:1      | 526 ||| DROPPING +0 robe.
   527 | D:1      | 527 ||| READING scroll labelled POLIMEQ HABBO.
   528 | D:1      | 528 ||| DRINKING 2 viscous golden potions.
   529 | D:1      | 529 ||| DROPPING scroll of poison.
   579 | D:2      | Reached skill level 4 in Ranged Weapons
   636 | D:2      | 636 ||| Stepping ~*~*~tactically~*~*~ (outnumbered).
   661 | D:2      | Reached skill level 1 in Armour
   719 | D:2      | Reached XP level 4. HP: 36/36 MP: 4/4
  1295 | D:2      | 1295 ||| UPGRADING to amulet of the acrobat.
  1300 | D:2      | 1300 ||| READING scroll labelled SEANICSEISM.
  1301 | D:2      | 1301 ||| READING scroll labelled DEBBAP YNEXZOI.
  1302 | D:2      | 1302 ||| READING scroll labelled MARPHENE MENE.
  1303 | D:2      | 1303 ||| READING scroll labelled HURHIMOZOG.
  1307 | D:2      | 1307 ||| DRINKING 2 bubbling coppery potions.
  1308 | D:2      | 1308 ||| DROPPING potion of degeneration.
  1449 | D:3      | Found an iron altar of Okawaru.
  1450 | D:3      | 1450 ||| PLANNING OKAWARU WORSHIP
  1486 | D:3      | Identified the +3 leather armour of Philately {+Blink rF-
                  | Regen+}
  1506 | D:3      | Reached skill level 5 in Ranged Weapons
  1597 | D:3      | 1597 ||| UPGRADING to +3 leather armour of Philately
                  | {+Blink rF- Regen+}.
  1607 | D:3      | 1607 ||| READING 2 scrolls of identify.
  1607 | D:3      | 1607 ||| IDENTIFYING brown potion
  1629 | D:3      | Became a worshipper of Warmaster Okawaru
  1630 | D:3      | 1630 ||| PLANNING D:1-11
  1730 | D:3      | Reached XP level 5. HP: 42/42 MP: 5/5
  1733 | D:3      | Noticed Jessica
  1741 | D:3      | Killed Jessica
  1742 | D:3      | Reached skill level 3 in Fighting
  1867 | D:3      | Identified the +2 pair of gloves of the Apothecary {Rampage
                  | Will- Str+3 Slay+2}
  1952 | D:3      | 1952 ||| DROPPING +0 ring mail.
  1953 | D:3      | 1953 ||| UPGRADING to +2 pair of gloves of the Apothecary
                  | {Rampage Will- Str+3 Slay+2}.
  1958 | D:3      | 1958 ||| READING scroll labelled HEMNUR WIGHUHI.
  1959 | D:3      | 1959 ||| READING scroll labelled BEZOGA NEYG.
  1960 | D:3      | 1960 ||| DRINKING 3 viscous green potions.
  2001 | D:3      | 2001 ||| DROPPING 2 potions of lignification.
  2310 | D:4      | Reached skill level 6 in Ranged Weapons
  2435 | D:4      | Found a staircase to the Ecumenical Temple.
  2520 | D:4      | Reached XP level 6. HP: 51/51 MP: 6/6
  2948 | D:4      | 2948 ||| UPGRADING to amulet of reflection.
  2958 | D:4      | 2958 ||| DROPPING amulet of the acrobat.
  2959 | D:4      | 2959 ||| READING 3 scrolls of identify.
  2959 | D:4      | 2959 ||| IDENTIFYING fuming grey potion
  2960 | D:4      | 2960 ||| READING 2 scrolls of identify.
  2960 | D:4      | 2960 ||| IDENTIFYING coppery potion
  2961 | D:4      | 2961 ||| DROPPING potion of ambrosia.
  2991 | D:5      | Entered Level 5 of the Dungeon
  2992 | D:5      | 2992 ||| PLANNING OSSUARY
  3067 | D:5      | 3067 ||| READING scroll of enchant weapon.
  3067 | D:5      | 3067 ||| ENCHANTING +2 sling.
  3101 | D:5      | 3101 ||| FLEEEEING.
  3105 | D:5      | 3105 ||| FLEEEEING.
  3106 | D:5      | 3106 ||| FLEEEEING.
  3316 | D:5      | Found a sand-covered staircase.
  3317 | D:5      | 3317 ||| READING 2 scrolls labelled MOH VUTOOFUARGH.
  3418 | D:5      | 3418 ||| DROPPING scroll of silence.
  3426 | Ossuary  | Entered an ossuary
  3433 | Ossuary  | Reached * piety under Okawaru
  3446 | Ossuary  | Reached skill level 1 in Invocations
  3449 | Ossuary  | Reached XP level 7. HP: 60/60 MP: 7/7
  3463 | Ossuary  | Reached skill level 7 in Ranged Weapons
  3619 | Ossuary  | 3619 ||| READING 2 scrolls labelled RAGYDO AGAMOW KOBB.
  3645 | Ossuary  | 3645 ||| DRINKING 2 murky ruby potions.
  3646 | Ossuary  | 3646 ||| DRINKING 3 ruby potions.
  3647 | Ossuary  | 3647 ||| DROPPING scroll of torment.
  3660 | D:5      | 3660 ||| PLANNING D:1-11
  3849 | D:5      | 3849 ||| INVOKING Heroism.
  4003 | D:5      | 4003 ||| INVOKING Heroism.
  4006 | D:5      | Reached skill level 3 in Invocations
  4196 | D:5      | 4196 ||| DROPPING scarf of invisibility.
  4197 | D:5      | 4197 ||| UPGRADING to ring of protection from fire.
  4198 | D:5      | 4198 ||| READING 4 scrolls of identify.
  4198 | D:5      | 4198 ||| IDENTIFYING golden potion
  4248 | D:6      | 4248 ||| STAIRDANCE
  4307 | D:6      | Reached skill level 8 in Ranged Weapons
  4307 | D:6      | Reached XP level 8. HP: 65/67 MP: 8/10
  4324 | D:6      | 4324 ||| INVOKING Heroism.
  4337 | D:6      | Noticed Menkaure
  4342 | D:6      | Killed Menkaure
  4343 | D:6      | Reached skill level 3 in Dodging
  4364 | D:6      | 4364 ||| INVOKING Heroism.
  4412 | D:6      | 4412 ||| INVOKING Heroism.
  4423 | D:6      | Reached skill level 9 in Ranged Weapons
  4439 | D:6      | Reached skill level 6 in Fighting
  4459 | D:6      | 4459 ||| READING scroll of enchant weapon.
  4459 | D:6      | 4459 ||| ENCHANTING +3 sling.
  4755 | D:6      | Found Tofein Baoxu's Book Shop.
  4795 | D:7      | Reached ** piety under Okawaru
  4818 | D:7      | 4818 ||| Stepping ~*~*~tactically~*~*~ (outnumbered).
  4820 | D:7      | 4820 ||| Stepping ~*~*~tactically~*~*~ (outnumbered).
  4822 | D:7      | 4822 ||| Stepping ~*~*~tactically~*~*~ (outnumbered).
  4826 | D:7      | 4826 ||| INVOKING Heroism.
  4842 | D:7      | Reached skill level 10 in Ranged Weapons
  4944 | D:7      | Reached XP level 9. HP: 75/75 MP: 11/11
  5077 | D:7      | 5077 ||| INVOKING Heroism.
  5139 | D:7      | Reached skill level 11 in Ranged Weapons
  5256 | D:7      | 5256 ||| INVOKING Heroism.
  5546 | D:7      | 5546 ||| READING scroll labelled FYOD RICLAUSSI.
  5547 | D:7      | 5547 ||| READING 3 scrolls of identify.
  5547 | D:7      | 5547 ||| IDENTIFYING blue potion
  5548 | D:7      | 5548 ||| READING 2 scrolls of identify.
  5548 | D:7      | 5548 ||| IDENTIFYING bubbling golden potion
  5549 | D:7      | 5549 ||| DROPPING potion of attraction.
  5550 | D:7      | 5550 ||| DROPPING potion of berserk rage.
  5618 | D:8      | Reached skill level 3 in Armour
  5695 | D:8      | Found a flagged portal.
  5815 | D:8      | Reached *** piety under Okawaru
  5838 | D:8      | Noticed Grum
  5839 | D:8      | 5839 ||| INVOKING Heroism.
  5847 | D:8      | Killed Grum
  5986 | D:8      | 5986 ||| INVOKING Heroism.
  6010 | D:8      | Reached skill level 12 in Ranged Weapons
  6218 | D:8      | Found a stormy altar of Qazlal.
  6220 | D:8      | Found an opulent altar of Gozag.
  6229 | D:8      | 6229 ||| DRINKING 3 potions of curing.
  6229 | D:8      | 6229 ||| (to cure confusion)
  6242 | D:8      | Found a shadowy altar of Dithmenos.
  6244 | D:8      | Found a snail-covered altar of Cheibriados.
  6245 | D:8      | Found an ornate altar of the Wu Jian Council.
  6251 | D:8      | Found a basalt altar of Yredelemnul.
  6252 | D:8      | Found a glowing golden altar of the Shining One.
  6290 | D:8      | 6290 ||| DROPPING +1 pair of gloves.
  6291 | D:8      | 6291 ||| UPGRADING to +0 cloak.
  6296 | D:8      | 6296 ||| READING scroll labelled KURURU YSANYHI.
  6336 | D:9      | Reached XP level 10. HP: 82/86 MP: 12/12
  6344 | D:9      | 6344 ||| STAIRDANCE
  6366 | D:9      | 6366 ||| STAIRDANCE
  6379 | D:9      | 6379 ||| STAIRDANCE
  6382 | D:8      | 6382 ||| INVOKING Heroism.
  6395 | D:8      | HP: 20/88 [yak (5)]
  6396 | D:8      | 6396 ||| READING 9 scrolls of teleportation.
  6397 | D:8      | 6397 ||| DRINKING 2 potions of heal wounds.
  6467 | D:9      | 6467 ||| SWAPPING to +0 shortbow.
  6468 | D:9      | 6468 ||| DROPPING +4 sling.
  6519 | D:9      | 6519 ||| READING 3 scrolls of enchant armour.
  6519 | D:9      | 6519 ||| ENCHANTING +0 cloak.
  6520 | D:9      | 6520 ||| READING 2 scrolls of enchant armour.
  6520 | D:9      | 6520 ||| ENCHANTING +1 cloak.
  6529 | D:9      | 6529 ||| INVOKING Heroism.
  6556 | D:9      | HP: 16/88 [troll (11)]
  6557 | D:9      | 6557 ||| READING 8 scrolls of teleportation.
  6557 | D:9      | Slain by a troll

Levels and vault maps discovered:
D:1:      scummos_arrival_forest, layout_rooms, kennysheep_doodads
D:2:      layout_basic, minmay_misc_feat_x
D:3:      layout_basic, mainiacjoe_overflow_concentric_impassable, uniq_jessica
D:4:      layout_layer_cave, temple_doors_ab, nicolae_houndstooth_variations
D:5:      layout_loops_corners, lightli_ossuary_entry_decrepit_ruins
D:6:      layout_rooms, serial_shops, nicolae_shop_tiny_real_fake_doors,
          uniq_menkaure
D:7:      layout_loops_cross, minmay_circle_x
D:8:      layout_basic, nicolae_overflow_hallway_of_the_gods, enter_bailey_2,
          uniq_grum
D:9:      layout_cave_pools, bloody_trog, kennysheep_little_box,
          erik_lair_island

Skill      XL: |  1  2  3  4  5  6  7  8  9 10 |
---------------+-------------------------------+-----
Ranged Weapons | 3 4 5 6 8 10 12 | 12.8
Fighting       | 2 3 4 6 7 8 |  8.2
Armour         | 1 3 |  3.5
Invocations    | 1 4 |  4.0
Dodging        | 4 5 |  5.5
Spellcasting   | |  1.0
Hexes          | |  2.0

Action                     |  1- 3 |  4- 6 |  7- 9 | 10-12 || total
---------------------------+-------+-------+-------+-------++-------
   Fire: Sling             |   112 |   217 |   373 |    47 ||   749
         Shortbow          |       |       |       |    31 ||    31
 Invoke: Heroism           |       |       |    10 |     2 ||    12
    Use: Scroll            |     1 |    11 |     7 |     4 ||    23
         Potion            |     1 |     2 |     3 |     1 ||     7
 Armour: Robe              |     9 |       |       |       ||     9
         Ring mail         |     6 |     9 |       |       ||    15
         Leather armour    |       |    55 |    62 |    30 ||   147
  Dodge: Dodged            |    35 |    76 |   113 |    88 ||   312
  Block: Other             |       |    21 |    43 |    39 ||   103
         Reflection        |       |       |     1 |     3 ||     4

Table legend:
 A = Non-vault XP
 B = Vault XP
 C = Vault XP percentage of total XP
 D = Non-vault monster count
 E = Vault monster count
 F = Vault count percentage of total count
                 A         B        C        D         E       F
            +---------+---------+-------+---------+---------+-------
      Total |    5036 |    2076 |  29.2 |     185 |      31 |  14.4
            +---------+---------+-------+---------+---------+-------
        D:1 |      51 |       0 |   0.0 |      30 |       0 |   0.0
        D:2 |      91 |       0 |   0.0 |      23 |       0 |   0.0
        D:3 |      56 |      37 |  39.8 |      18 |       1 |   5.3
        D:4 |     282 |       0 |   0.0 |      17 |       0 |   0.0
        D:5 |     454 |       0 |   0.0 |      18 |       0 |   0.0
        D:6 |     840 |     172 |  17.0 |      22 |       1 |   4.3
        D:7 |    1198 |     632 |  34.5 |      26 |       5 |  16.1
        D:8 |    1374 |     409 |  22.9 |      18 |       3 |  14.3
        D:9 |     690 |     504 |  42.2 |      13 |       5 |  27.8
    Ossuary |       0 |     322 | 100.0 |       0 |      16 | 100.0
            +---------+---------+-------+---------+---------+-------
